 Dungeon Crawl Stone Soup version 0.24-a0-487-g57318f2ed0 (webtiles) character file.

Game seed: 6072990764590289375

56 forest the Sneak (level 3, -1/18 HPs)
             Began as a Spriggan Assassin on July 10, 2019.
             Killed from afar by Sigmund (3 damage)
             ... with a puff of flame
             ... on level 3 of the Dungeon.
             The game lasted 00:05:59 (2702 turns).

forest the Sneak (Spriggan Assassin)                Turns: 2702, Time: 00:06:00

Health: -1/18      AC:  6    Str:  8    XL:     3   Next: 69%
Magic:  4/4        EV: 20    Int: 12    God:
Gold:   122        SH:  0    Dex: 17    Spells: 2/2 levels left

rFire    + + .     SeeInvis +   (weapon currently unavailable)
rCold    + + .     Gourm    .   (shield currently unavailable)
rNeg     + + +     Faith    .   (armour currently unavailable)
rPois    ∞         Spirit   .   (helmet currently unavailable)
rElec    +         Reflect  .   (cloak currently unavailable)
rCorr    +         Harm     .   (gloves unavailable)
MR       .....                  (boots unavailable)
Stlth    ++++......             (amulet currently unavailable)
HPRegen  0.06/turn              (ring currently unavailable)
MPRegen  0.09/turn              (ring currently unavailable)

@: wisp-form, flying, quick
A: tiny, unfitting armour, see invisible, herbivore, slow metabolism 2
a: no special abilities


You were on level 3 of the Dungeon.
You were not hungry.
You were an insubstantial wisp.
You visited 1 branch of the dungeon, and saw 3 of its levels.

You collected 122 gold pieces.

Inventory:

Hand Weapons
 a - a +2 dagger (melded)
 k - a +0 hunting sling
Missiles
 d - 20 poisoned darts (quivered)
 e - 2 curare-tipped darts
Armour
 b - a +0 robe (melded)
 c - a +0 cloak (melded)
Scrolls
 g - 6 scrolls of remove curse {unknown}
 l - 2 scrolls of teleportation
Potions
 i - a potion of flight {unknown}
 j - 2 potions of curing {unknown}
 m - a potion of heal wounds {unknown}
Comestibles
 f - 3 rations


   Skills:
 + Level 1.6 Fighting
 + Level 2.7 Short Blades
 + Level 2.1 Throwing
 + Level 2.2 Dodging
 + Level 7.4 Stealth


You had 2 spell levels left.
You didn't know any spells.
Your spell library was empty.

Dungeon Overview and Level Annotations

Branches:
Dungeon (3/15)

Altars:
Uskayaw

Annotations:
D:3 Sigmund


Innate Abilities, Weirdness & Mutations

You are very small and have problems with some larger weapons.
You are too small for most types of armour.
You have supernaturally acute eyesight. (SInv)
You are a herbivore.
((You cover ground extremely quickly.))
You need to consume almost no food.


Message History

Sigmund zaps a wand.
You turn into an insubstantial wisp.
Your +2 dagger melds into your body.
Your +0 cloak melds into your body.
Your +0 robe melds into your body.
The orc completely misses you.
You touch the orc.
The orc is severely wounded.
Sigmund gestures at you while chanting. The magic dart hits you.
* * * LOW HITPOINT WARNING * * *
The orc misses you.
You touch the orc but do no damage.
The orc is severely wounded.
The orc misses you.
Sigmund zaps a wand.
The now-empty wand crumbles to dust.
The orc barely misses you.
You touch the orc but do no damage.
The orc is heavily wounded.
The orc hits you but does no damage. Sigmund gestures at you while chanting.
The puff of flame hits you. You resist.
You die...

o....# #.#.##### #..(#
#.#.#....
.K####..#######.....8†8
.................#.....
#......@....#....(
#.######>...#.#.%. #@#
#.####.#_). #.#
#.<..#.#.!. #v#
####@#..... #o#
#.#..... ... #.@.@8.8
##... .............
####..........####
#########.. ###


You could see Sigmund and an orc.

Vanquished Creatures
  An adder (D:2)
  A worm (D:2)
  A dart slug (D:1)
  3 leopard geckos (D:1)
  9 bats
  A giant cockroach (D:2)
  3 goblins (D:1)
  4 hobgoblins (D:1)
  2 jackals (D:2)
  A frilled lizard (D:2)
  2 kobolds (D:2)
  10 rats
38 creatures vanquished.

Notes
Turn   | Place    | Note
-------+----------+-------------------------------------------
     0 | D:1      | forest the Spriggan Assassin began the quest for the Orb.
     0 | D:1      | Reached XP level 1. HP: 10/10 MP: 2/2
    78 | D:1      | Reached skill level 6 in Stealth
   354 | D:1      | Reached XP level 2. HP: 14/14 MP: 3/3
  1121 | D:1      | Reached skill level 7 in Stealth
  1556 | D:1      | Reached XP level 3. HP: 18/18 MP: 4/4
  2625 | D:3      | Found a hide-covered altar of Uskayaw.
  2631 | D:3      | Noticed Sigmund
  2702 | D:3      | Killed from afar by Sigmund

Levels and vault maps discovered:
D:1:      nicolae_arrival_memento_mori, layout_basic, serial_forest,
          infiniplex_forest_clump_curved, infiniplex_forest_lined_room_3,
          infiniplex_forest_end_3, infiniplex_forest_clump_C,
          infiniplex_forest_3_way, infiniplex_forest_clump_curved,
          minmay_hexomino_u4
D:2:      layout_basic
D:3:      layout_loops_ring, eat_drink_and_be_merry_uskayaw,
          gup_sewer_entry_bowl, first_ration, nrook_mini_backslash,
          nrook_campfire, minmay_fractal_squares_gapless_5, uniq_terence,
          uniq_sigmund, uniq_crazy_yiuf_cottage, uniq_ijyb

Skill      XL: |  1  2 |
---------------+-------+-----
Stealth        | 6 7 |  7.4
Dodging        | 2 |  2.2
Fighting       | |  1.6
Short Blades   | |  2.7
Throwing       | |  2.1

Action                   || total
-------------------------++-------
Melee: Dagger            ||   430
       Unarmed           ||     3
Throw: Dart              ||    16
  Use: Scroll            ||     1
 Stab: Sleeping          ||    15
Armor: Robe              ||    19
       Skin              ||     2
Dodge: Dodged            ||   126

Table legend:
 A = Non-vault XP
 B = Vault XP
 C = Vault XP percentage of total XP
 D = Non-vault monster count
 E = Vault monster count
 F = Vault count percentage of total count
                 A         B        C        D         E       F
            +---------+---------+-------+---------+---------+-------
      Total |      67 |      13 |  16.2 |      33 |       5 |  13.2
            +---------+---------+-------+---------+---------+-------
        D:1 |      30 |      13 |  30.2 |      17 |       5 |  22.7
        D:2 |      35 |       0 |   0.0 |      15 |       0 |   0.0
        D:3 |       2 |       0 |   0.0 |       1 |       0 |   0.0
            +---------+---------+-------+---------+---------+-------
